 Dungeon Crawl Stone Soup version 0.31-a0-851-g7ff8af7976 (webtiles) character file.

Game seed: 1784501867207462843

100935 garrulousMonolith the Geomancer (level 16, -8/101 HPs)
             Began as a Gargoyle Earth Elementalist on Oct 6, 2023.
             Was an Elder of Sif Muna.
             Mangled by a red ugly thing (10 damage)
             ... on level 13 of the Dungeon.
             The game lasted 00:45:52 (30345 turns).

garrulousMonolith the Geomancer (GrEE)             Turns: 30345, Time: 00:45:52

Health: -8/101     AC: 22    Str: 18    XL:     16   Next: 29%
Magic:  26/30      EV: 10    Int: 22    God:    Sif Muna [****..]
Gold:   1045       SH: 19    Dex: 12    Spells: 15/35 levels left

rFire   + . .        c - +5 dagger (venom)
rCold   + + .        A - +8 kite shield "Ewoe" {rN+ Str+4}
rNeg    + + +        y - +1 ring mail {rC+}
rPois   ∞            (no helmet)
rElec   +            B - +0 cloak
rCorr   .            P - +0 pair of gloves
SInv    .            u - +0 pair of boots
Will    +....        V - amulet "Kylodghu" {Faith +Inv rElec}
Stlth   +            T - ring of the Saviour {rC+ rN+ Dex+2}
HPRegen 0.36/turn    Q - ring of protection from fire
MPRegen 0.22/turn

%: faith
@: flying
A: sickness immunity, AC +12, big wings, negative energy resistance 1,
electricity resistance, torment resistance 1, petrification resistance
a: Renounce Religion, Evoke Invisibility, Channel Magic, Forget Spell, Divine
Exegesis


You were on level 13 of the Dungeon.
You worshipped Sif Muna.
Sif Muna was greatly pleased with you.
You visited 3 branches of the dungeon, and saw 20 of its levels.

You collected 1577 gold pieces.
You spent 532 gold pieces at shops.

Inventory:

Hand Weapons
 c - a +5 dagger of venom (weapon)
 t - a +2 hand axe of flaming
 J - the +2 mace of Izoriypa {elec, *Corrode rPois Int+4}
   (You found it on level 11 of the Dungeon)

   Int+4:     It affects your intelligence (+4).
   rPois:     It protects you from poison *Corrode: It may corrode you when you
   take damage.
Missiles
 e - 2 throwing nets
 z - 3 curare-tipped darts
 M - 28 poisoned darts (quivered)
Armour
 u - a +0 pair of boots (worn)
 y - a +1 ring mail of cold resistance (worn)
 A - the +8 kite shield "Ewoe" (worn) {rN+ Str+4}
   (You acquired it on level 11 of the Dungeon)

   Str+4:     It affects your strength (+4).
   rN+:       It protects you from negative energy.
 B - a +0 cloak (worn)
 O - +0 fire dragon scales
 P - a +0 pair of gloves (worn)
Jewellery
 b - a +4 ring of slaying
 C - a ring of see invisible
 Q - a ring of protection from fire (right hand)
 R - a +6 ring of strength
 T - the ring of the Saviour (left hand) {rC+ rN+ Dex+2}
   (You found it on level 3 of the Lair of Beasts)

   [ring of protection from cold]

   Dex+2:     It affects your dexterity (+2).
   rC+:       It protects you from cold.
   rN+:       It protects you from negative energy.
 V - the amulet "Kylodghu" (around neck) {Faith +Inv rElec}
   (You found it on level 5 of the Lair of Beasts)

   [amulet of faith]

   Faith:     It allows you to gain divine favour quickly.
   rElec:     It insulates you from electricity.
   +Inv:      It lets you turn invisible.
Wands
 r - a wand of paralysis (18)
 E - a wand of polymorph (6)
 F - a wand of quicksilver (7)
 G - a wand of digging (5)
 N - a wand of flame (28)
 W - a wand of roots (8)
 X - a wand of mindburst (6)
Scrolls
 a - a scroll of brand weapon
 d - 2 scrolls of poison
 g - 2 scrolls of noise
 j - 4 scrolls of blinking
 k - a scroll of silence
 l - 4 scrolls of immolation
 m - 2 scrolls of fear
 o - a scroll of enchant weapon
 p - 2 scrolls of fog
 s - 4 scrolls of teleportation
 w - 2 scrolls of amnesia
 x - 2 scrolls of enchant armour
 S - 9 scrolls of identify
 Y - 4 scrolls of revelation
 Z - a scroll of vulnerability
Potions
 f - 2 potions of mutation
 h - 2 potions of curing
 i - a potion of berserk rage
 n - 4 potions of haste
 q - 3 potions of brilliance
 v - 6 potions of lignification
 H - 2 potions of ambrosia
 K - a potion of might
Miscellaneous
 D - a sack of spiders (inert)


   Skills:
 + Level 12.0 Fighting
 - Level 4.0 Armour
 - Level 1.5 Dodging
 - Level 2.1 Stealth
 * Level 11.2 Shields
 + Level 10.4 Spellcasting
 - Level 14.0 Conjurations
 * Level 3.0 Necromancy
 - Level 2.0 Transmutations
 - Level 5.0 Air Magic
 - Level 14.0 Earth Magic
 + Level 9.2 Invocations


You had 15 spell levels left.
You knew the following spells:

 Your Spells              Type           Power      Damage    Failure   Level
a - Sandblast             Erth           100%       2d20      1%          1
b - Stone Arrow           Conj/Erth      100%       3d13      1%          3
c - Passwall              Tmut/Erth      38%        N/A       1%          2
d - Brom's Barrelling Bo  Conj/Erth      64%        2d8       1%          4
e - Apportation           Tloc           22%        N/A       19%         1
f - Summon Lightning Spi  Summ/Air       22%        N/A       56%         4
g - Borgnjor's Vile Clut  Necr/Erth      24%        N/A       16%         5

Your spell library contained the following spells:

 Spells                   Type           Power      Damage    Failure   Level
 Shock                    Conj/Air       100%       1d9       1%          1
 Static Discharge         Conj/Air       100%       2-7/arc   1%          2
 Dazzling Flash           Conj/Hex       84%        N/A       3%          3
 Necrotise                Necr           96%        1d8       5%          1
 Petrify                  Tmut/Erth      46%        N/A       7%          4
 Swiftness                Air            33%        N/A       8%          3
 Fulminant Prism          Conj/Hex       21%        3d12      11%         4
 Iskenderun's Mystic Bla  Conj/Tloc      42%        2d10      11%         4
 Sting                    Tmut/Pois      60%        1d6       13%         1
 Wereblood                Tmut           20%        N/A       13%         2
 Summon Small Mammal      Summ           44%        N/A       19%         1
 Ensorcelled Hibernation  Hex/Ice        22%        N/A       28%         2
 Jinxbite                 Hex            22%        N/A       28%         2
 Freezing Cloud           Conj/Ice/Air   19%        6-21      36%         5
 Volatile Blastmotes      Fire/Tloc      22%        2d11      50%         3
 Dispel Undead            Necr           24%        3d12      50%         4
 Conjure Ball Lightning   Conj/Air       26%        3x3d7     52%         6
 Anguish                  Hex/Necr       9%         N/A       71%         4
 Agony                    Necr           24%        N/A       83%         5
 Silence                  Hex/Air        11%        N/A       88%         5
 Alistair's Intoxication  Tmut/Pois      10%        N/A       98%         5
 Death Channel            Necr           12%        N/A       100%        6
 Eringya's Noxious Bog    Tmut/Pois      7%         4d6       100%        6
 Haunt                    Necr/Summ      9%         N/A       100%        7
 Summon Hydra             Summ           5%         N/A       100%        7
 Chain Lightning          Conj/Air       26%        3d34      100%        9
 Fire Storm               Conj/Fire      21%        8d5       100%        9
 Shatter                  Erth           32%        3d26*     100%        9
 Sublimation of Blood     Necr           Unusable   N/A       N/A         2
 Cigotuvi's Dreadful Rot  Necr/Pois/Air  Unusable   N/A       N/A         2

Dungeon Overview and Level Annotations

Branches:
Dungeon (14/15)            Temple (1/1) D:5            Lair (5/5) D:10
 Shoals (0/4) Lair:2       Spider (0/4) Lair:3        Slime (0/5) Lair:5
    Orc (0/2) D:10
 Vaults: D:13-14

Altars:
Ashenzari
Cheibriados
Dithmenos
Elyvilon
Fedhas
Gozag
Hepliaklqana
Kikubaaqudgha
Makhleb
Nemelex Xobeh
Okawaru
Qazlal
Ru
Sif Muna
Trog
Uskayaw
Vehumet
Wu Jian
Xom
Yredelemnul
Zin
The Shining One
Jiyva

Shops:
D:11 ?   D:12 :

Portals:
Trove: D:10 (give +3 storm dragon scales)

Annotations:
D:8 1 runed translucent door, gribnar's ghost, novice OpSh
D:9 1 exclusion
D:11 exclusion: door
D:14 2 transporters, Caciup's ghost, journeyman GrFi
Lair:3 exclusion: oklob plant


Innate Abilities, Weirdness & Mutations

You are immune to sickness and miasma.
Your stone body is resilient. (AC +12)
You are immune to poison.
Your large and strong wings let you fly.
You resist negative energy. (rN+)
You are resistant to electric shocks. (rElec)
You are resistant to unholy torment.
You are immune to petrification.


Message History

The white ugly thing barely misses you.
You block the white ugly thing's attack.
The cyan ugly thing basks in the mutagenic energy from its kin and changes!
You block the white ugly thing's attack. x2
You block the red ugly thing's attack.
You block the white ugly thing's attack.
The white ugly thing closely misses you.
You fly upwards.
There is a stone staircase leading down here.
Casting: Sandblast (safe; 1% risk of failure)
Confirm with . or Enter, or press ? or * to list all spells.
Aiming: Sandblast (safe; 1% risk of failure)
Press: ? - help, Shift-Dir - straight line, f - red ugly thing
Aim: a red ugly thing (85% to hit)
The blast of sand misses the red ugly thing.
The red ugly thing pecks you!
You are engulfed in flames!
You resist.
You block the white ugly thing's attack.
The white ugly thing gores you. The white ugly thing freezes you. You resist.
The red ugly thing kicks you!
You are engulfed in flames!
You resist.
The red ugly thing pecks you but does no damage.
Casting: Sandblast (safe; 1% risk of failure)
Confirm with . or Enter, or press ? or * to list all spells.
Aiming: Sandblast (safe; 1% risk of failure)
Press: ? - help, Shift-Dir - straight line, f/p - red ugly thing
Aim: a red ugly thing (85% to hit)
The blast of sand hits the red ugly thing!
The red ugly thing is lightly wounded.
You block the white ugly thing's attack.
The white ugly thing gores you! The white ugly thing freezes you! You resist.
* * * LOW HITPOINT WARNING * * *
You block the red ugly thing's attack. The red ugly thing barely misses you.
You block the white ugly thing's attack.
The white ugly thing gores you.
* * * LOW HITPOINT WARNING * * *
The white ugly thing freezes you. You resist.
* * * LOW HITPOINT WARNING * * *
The red ugly thing kicks you!
* * * LOW HITPOINT WARNING * * *
You are engulfed in flames!
You resist.
You die...

#..........#...#
########'###..########
..........##'##......#
..........#...#......#
..........#...#......#
..........#...#......#
..........#...#......#
..........#####u.....#
######'##......u@....#
....'...#......uu....#
....#...#............#
....#...#......#######
....#...#......#....#
....#...#......#....#
....#...#......#....#
...####.#......#....#
...####.########....#


You could see 4 ugly things.

Vanquished Creatures
  Azrael (D:12)
  A fire dragon (D:10)
  7 hydras
  A rakshasa (D:12)
  Erica (Lair:1)
  4 centaur warriors
  A merfolk avatar (Lair:5)
  3 two-headed ogres
  A death knight (D:12)
  4 boulder beetles
  Urug (D:11)
  2 tengu warriors
  Nergalle (Lair:3)
  4 skeletal warriors
  Lodul (D:13)
  4 deep elf pyromancers (D:12)
  2 cyclopes
  An oklob plant (Lair:2)
  6 manticores
  10 ugly things
  10 elephants (Lair:3)
  Maurice (D:11)
  4 black mambas
  A gargoyle (D:12)
  14 cane toads
  3 unseen horrors
  6 kobold demonologists
  Maggie (D:7)
  3 rime drakes
  3 tengu conjurers
  17 komodo dragons
  A freezing wraith (D:14)
  6 polar bears
  A troll (shapeshifter) (D:13)
  8 trolls
  A meliai (Lair:3)
  3 hornets
  15 blink frogs
  A snapping turtle (Lair:2)
  A centaur simulacrum (D:11)
  9 wyverns
  A slime creature (D:12)
  5 fire elementals
  6 fire bats (Lair:1)
  7 wraiths
  3 basilisks
  3 shadows
  2 steam dragons
  37 yaks
  4 vampire mosquitoes
  2 wargs (D:10)
  An acid dragon (D:10)
  9 water moccasins
  3 hell hounds
  4 black bears
  4 orc warriors
  2 ice beasts
  5 wolves
  11 ogres
  An ogre (shapeshifter) (D:13)
  A phantom (D:5)
  11 centaurs
  7 kobold brigands
  14 bullfrogs
  3 scorpions
  8 wights (D:9)
  15 killer bees
  2 electric eels
  15 howler monkeys
  5 hounds
  6 orc priests
  A jelly (D:4)
  5 sleepcaps
  2 iguanas (D:5)
  12 orc wizards
  4 hell rats (Lair:1)
  8 gnolls
  7 adders
  2 ufetubi
  2 dart slugs
  2 worms (D:2)
  39 orcs
  7 bats
  2 endoplasms
  A giant cockroach (D:2)
  8 goblins
  12 hobgoblins
  3 jackals (D:4)
  25 kobolds
  3 quokkas
  6 ball pythons
  3 frilled lizards
  4 rats
520 creatures vanquished.

Vanquished Creatures (collateral kills)
  Jorgrun (D:13)
  2 boulders (Lair:4)
3 creatures vanquished.

Grand Total: 523 creatures vanquished

Notes
Turn   | Place    | Note
-------+----------+-------------------------------------------
     0 | D:1      | garrulousMonolith the Gargoyle Earth Elementalist began the
                  | quest for the Orb.
     0 | D:1      | Reached XP level 1. HP: 10/10 MP: 3/3
   124 | D:1      | Reached skill level 1 in Transmutations
   214 | D:1      | Reached XP level 2. HP: 16/16 MP: 3/5
  1333 | D:2      | Reached XP level 3. HP: 20/20 MP: 3/6
  1337 | D:2      | Learned a level 3 spell: Stone Arrow
  1340 | D:2      | Learned a level 2 spell: Passwall
  1343 | D:2      | Reached skill level 1 in Fighting
  1409 | D:2      | Reached XP level 4. HP: 6/25 MP: 1/7
  1866 | D:2      | Found a faded altar of an unknown god.
  1870 | D:2      | Got a strange book
  2265 | D:3      | Reached skill level 5 in Earth Magic
  2265 | D:3      | Reached XP level 5. HP: 16/30 MP: 4/8
  3165 | D:4      | Noticed a water moccasin
  3173 | D:4      | Killed a water moccasin
  3174 | D:4      | Reached XP level 6. HP: 14/36 MP: 4/10
  3675 | D:4      | Reached XP level 7. HP: 40/40 MP: 9/11
  3799 | D:5      | Entered Level 5 of the Dungeon
  4180 | D:5      | Reached XP level 8. HP: 47/47 MP: 3/13
  4273 | D:5      | Found a staircase to the Ecumenical Temple.
  4282 | Temple   | Entered the Ecumenical Temple
  4374 | Temple   | Became a worshipper of Sif Muna the Loreminder
  4430 | D:5      | Learned a level 1 spell: Apportation
  4435 | D:5      | Learned a level 4 spell: Brom's Barrelling Boulder
  4802 | D:6      | Reached skill level 5 in Conjurations
  5628 | D:6      | Reached XP level 9. HP: 52/52 MP: 8/15
  5894 | D:6      | Reached * piety under Sif Muna
  6436 | D:7      | Noticed a komodo dragon
  6441 | D:7      | HP: 2/52 [komodo dragon (26)]
  6443 | D:7      | Killed a komodo dragon
  6649 | D:7      | Reached skill level 5 in Fighting
  6817 | D:7      | Reached skill level 5 in Spellcasting
  7367 | D:7      | Noticed Maggie
  7371 | D:7      | Paralysed by Maggie for 3 turns
  7374 | D:7      | Killed Maggie
  7375 | D:7      | Reached skill level 10 in Earth Magic
  7922 | D:8      | Noticed a hornet
  7927 | D:8      | Noticed a two-headed ogre
  7930 | D:8      | Killed a hornet
  7931 | D:8      | Reached skill level 1 in Armour
  7931 | D:8      | Reached XP level 10. HP: 50/60 MP: 11/18
  7933 | D:8      | Killed a two-headed ogre
  8097 | D:8      | Found a radiant altar of Vehumet.
  8120 | D:8      | Identified the ring "Qisekep" {rC+ rN+++ Str-4 Dex-2
                  | Slay+5}
  8138 | D:8      | Found a runed translucent door.
  8138 | D:8      | Noticed gribnar's ghost (novice OpSh)
  8149 | D:8      | Reached ** piety under Sif Muna
  8395 | D:8      | Found an opulent altar of Gozag.
  8431 | D:8      | Found a burning altar of Makhleb.
  8473 | D:8      | Found a glowing silver altar of Zin.
  8474 | D:8      | Noticed an angel
  8475 | D:8      | Noticed an Executioner
 10656 | D:9      | Noticed an ice dragon
 10925 | D:10     | Entered Level 10 of the Dungeon
 10936 | D:10     | Reached XP level 11. HP: 66/66 MP: 14/20
 10950 | D:10     | Reached *** piety under Sif Muna
 11148 | D:10     | Found a staircase to the Orcish Mines.
 11319 | D:10     | Found a staircase to the Lair.
 11606 | D:10     | Noticed a fire dragon
 11616 | D:10     | Killed a fire dragon
 11617 | D:10     | Reached skill level 10 in Conjurations
 11891 | D:10     | Found a portal to a secret trove of treasure.
 12510 | D:11     | Reached skill level 1 in Invocations
 12840 | D:11     | Noticed a green ugly thing
 12845 | D:11     | Killed a green ugly thing
 12940 | D:11     | Noticed Urug
 12940 | D:11     | Noticed Maurice
 12977 | D:11     | Killed Urug
 12978 | D:11     | Killed Maurice
 13239 | D:11     | Found The Oracle's Delphic Readings.
 13411 | D:11     | Noticed a boulder beetle
 13413 | D:11     | Noticed a boulder beetle
 13415 | D:11     | Noticed a manticore
 13662 | D:11     | Killed a boulder beetle
 13884 | D:11     | Reached XP level 12. HP: 75/75 MP: 13/23
 14005 | D:11     | Killed a boulder beetle
 14288 | D:11     | Noticed a tengu warrior
 14298 | D:11     | Killed a tengu warrior
 14302 | D:11     | Identified the +2 mace of Izoriypa {elec, *Corrode rPois
                  | Int+4}
 14501 | D:11     | Identified a scroll of acquirement
 14501 | D:11     | Acquired the +8 kite shield "Ewoe" {rN+ Str+4}
 14578 | D:12     | Reached skill level 1 in Shields
 14818 | Lair:1   | Entered Level 1 of the Lair of Beasts
 15291 | Lair:1   | Reached **** piety under Sif Muna
 15460 | Lair:1   | Reached skill level 5 in Invocations
 15955 | Lair:1   | Noticed Erica
 15960 | Lair:1   | Killed Erica
 16734 | Lair:2   | Reached skill level 5 in Shields
 16735 | Lair:2   | Reached XP level 13. HP: 51/81 MP: 20/25
 17440 | Lair:2   | Found the +1 robe of Vines {NoPotionHeal Regen++++}
 17660 | Lair:2   | Found a staircase to the Shoals.
 18262 | Lair:2   | Reached skill level 10 in Fighting
 19002 | Lair:3   | Reached ***** piety under Sif Muna
 19451 | Lair:3   | Noticed Nergalle
 19457 | Lair:3   | Killed Nergalle
 19457 | Lair:3   | Identified Sif Muna's Discursus on Evolved Gusts (Sif Muna
                  | gifted it to you on level 3 of the Lair of Beasts)
 19457 | Lair:3   | Received a gift from Sif Muna
 19852 | Lair:3   | Identified the ring of the Saviour {rC+ rN+ Dex+2}
 20327 | Lair:3   | Found a hole to the Spider Nest.
 21518 | Lair:4   | Gained mutation: Your large and strong wings let you fly.
                  | [Gargoyle growth]
 21518 | Lair:4   | Reached XP level 14. HP: 88/88 MP: 23/27
 22115 | Lair:5   | Entered Level 5 of the Lair of Beasts
 23648 | Lair:5   | Found a staircase to the Slime Pits.
 23649 | Lair:5   | Found a viscous altar of Jiyva.
 23848 | Lair:5   | Identified the amulet "Kylodghu" {Faith +Inv rElec}
 24591 | Lair:5   | Reached skill level 5 in Air Magic
 24591 | Lair:5   | Reached XP level 15. HP: 95/95 MP: 28/28
 24597 | Lair:5   | Learned a level 4 spell: Summon Lightning Spire
 25341 | D:12     | Received a gift from Sif Muna
 25351 | D:12     | Reached skill level 10 in Shields
 25659 | D:12     | Reached skill level 10 in Spellcasting
 25908 | D:12     | Found Imecvue's Book Shoppe.
 25973 | D:12     | Bought Great Wizards, Vol. II for 532 gold pieces
 25980 | D:12     | Learned a level 5 spell: Borgnjor's Vile Clutch
 27593 | D:13     | Noticed Lodul
 27598 | D:13     | Reached skill level 1 in Necromancy
 27771 | D:13     | Reached XP level 16. HP: 101/101 MP: 12/30
 28001 | D:13     | Killed Lodul
 28007 | D:13     | Identified Sif Muna's Compilation of Foggy Mortification
                  | (Sif Muna gifted it to you on level 13 of the Dungeon)
 28007 | D:13     | Received a gift from Sif Muna
 28384 | D:13     | Noticed Azrael
 28473 | D:12     | Killed Azrael
 28647 | D:14     | Noticed Jorgrun
 29187 | D:13     | Killed Jorgrun
 29984 | D:14     | Found a transporter.
 29985 | D:14     | Noticed Caciup's ghost (journeyman GrFi)
 29988 | D:14     | Found a transporter.
 30345 | D:13     | HP: 2/101 [red ugly thing (9)]
 30345 | D:13     | Mangled by a red ugly thing

Illustrated notes

Levels and vault maps discovered:
D:1:      nzn_arrival_crosshair, layout_basic, hex_medium
D:2:      layout_basic, shapermc_ecumenical_altar_rom_forum,
          chequers_serial_rivers_small_3, roderic_nine_men_s_morris
D:3:      layout_rooms, kennysheep_doodads, chequers_serial_rivers_large_b,
          kennysheep_cross_bottleneck
D:4:      layout_rooms
D:5:      layout_cave_pools, minmay_temple_entry_slanted
D:6:      layout_layer_cave
D:7:      layout_basic, uniq_maggie
D:8:      layout_cave_pods, nicolae_gozag_seed_capital,
          grunt_temple_overflow_order_and_chaos_2,
          mainiacjoe_overflow_six_doors_small, hellmonk_ghost_big_iron,
          minmay_stone_trees_small
D:9:      dragon1_lemuel, layout_basic
D:10:     layout_stronghold, lair_entry_dummy, erik_orc_4,
          nicolae_trove_entry_diagonal
D:11:     minmay_blocky_corners, layout_gridville, nicolae_nh_oracle_at_delphi,
          uniq_urug, uniq_maurice
D:12:     minmay_the_grid_4x2 [minmay_the_grid_plusring,
          minmay_the_grid_tri_star, minmay_the_grid_tree,
          minmay_the_grid_odd_star, minmay_the_grid_outer_circle,
          minmay_the_grid_rooms, minmay_the_grid_broken_lines,
          minmay_the_grid_prize_inner_circle], layout_basic, serial_shops, shop
D:13:     layout_gridville, uniq_lodul, uniq_azrael
D:14:     layout_rooms, erik_vaults_2, gammafunk_ghost_mausoleum,
          chequers_serial_rivers_micro_d, drop_trap, uniq_jorgrun
Temple:   dpeg_five_rooms_temple
Lair:1:   layout_gridlike, uniq_erica
Lair:2:   layout_roguey, minmay_shoals_entry_hut, hellmonk_guarded_unrand_vines
Lair:3:   layout_regular_city, hellmonk_spider_entry_not_the_bees,
          beast_lair_carwin_1, grunt_megastairs_2, uniq_nergalle
Lair:4:   layout_gridlike, lookout_lair_type
Lair:5:   gammafunk_lair_ancient_temple, layout_small_grid, slime_entry_1,
          gauntlet_entry_generic

Skill      XL: |  1  2  3  4  5  6  7  8  9 10 11 12 13 14 15 16 |
---------------+-------------------------------------------------+-----
Transmutations | 1 2 |  2.0
Earth Magic    | 4 5 6 7 8 10 11 12 13 14 | 14.0
Fighting       | 1 2 3 4 5 6 8 9 10 11 12 | 12.0
Spellcasting   | 3 4 5 6 7 8 9 10 | 10.4
Conjurations   | 2 4 6 8 9 11 12 13 14 | 14.0
Armour         | 1 3 4 |  4.0
Invocations    | 3 5 7 8 9 |  9.2
Shields        | 5 8 9 10 11 | 11.2
Air Magic      | 5 |  5.0
Necromancy     | 1 3 |  3.0
Dodging        | |  1.5
Stealth        | |  2.1

Action                     |  1- 3 |  4- 6 |  7- 9 | 10-12 | 13-15 | 16-18 || total
---------------------------+-------+-------+-------+-------+-------+-------++-------
  Melee: Unarmed           |    13 |       |       |       |       |       ||    13
         Dagger            |    17 |    10 |    12 |    62 |    66 |    41 ||   208
  Throw: Dart              |       |       |       |     3 |       |       ||     3
   Cast: Sandblast         |    42 |    76 |    93 |   174 |   263 |    42 ||   690
         Stone Arrow       |       |     4 |    52 |   183 |   313 |   103 ||   655
         Brom's Barrelling |       |       |       |       |     3 |       ||     3
         Passwall          |       |       |       |       |       |     1 ||     1
         Summon Hydra      |       |       |       |       |       |     1 ||     1
 Invoke: Divine Exegesis   |       |       |       |       |       |     1 ||     1
  Evoke: Wand              |       |       |       |     5 |     2 |     2 ||     9
         Sack of spiders   |       |       |       |       |       |     1 ||     1
    Use: Potion            |     1 |     1 |       |     1 |     3 |     4 ||    10
         Scroll            |       |     3 |    10 |    11 |    11 |     1 ||    36
   Stab: Invisible         |       |     1 |       |       |       |       ||     1
 Armour: Robe              |    34 |    38 |    48 |       |       |       ||   120
         Steam dragon scal |       |       |     5 |   271 |       |       ||   276
         Ring mail         |       |       |       |     6 |   334 |   102 ||   442
  Dodge: Dodged            |    33 |    42 |    35 |   161 |   118 |    45 ||   434
  Block: Kite shield       |       |       |       |   118 |   392 |   148 ||   658

Table legend: (Time is in decaauts)
 A = Elapsed time spent in this place.
 B = Non-inter-level travel time spent in this place.
 C = Inter-level travel time spent in this place.
 D = Time resting spent in this place.
 E = Time spent auto-exploring this place.
 F = Levels seen in this place.
 G = Mean time per level.
                   A        B        C        D        E       F      G
               +--------+--------+--------+--------+--------+-----+--------+
         Total |  30759 |  29726 |   1033 |   6648 |  19098 |  20 | 1537.9 |
       Dungeon |  20592 |  19970 |    622 |   4757 |  12662 |  14 | 1470.9 |
        Temple |    143 |      1 |    142 |      0 |      0 |   1 |  143.0 |
          Lair |  10022 |   9754 |    268 |   1890 |   6435 |   5 | 2004.4 |
               +--------+--------+--------+--------+--------+-----+--------+

Top non-repeatable levels by time:
    D:12: 2789 daAuts
  Lair:2: 2620 daAuts
    D:13: 2445 daAuts
    D:11: 2401 daAuts
  Lair:5: 2216 daAuts
  Lair:3: 2182 daAuts
     D:9: 1774 daAuts
  Lair:4: 1657 daAuts
     D:6: 1657 daAuts
     D:8: 1467 daAuts
     D:7: 1424 daAuts
    D:10: 1364 daAuts
  Lair:1: 1346 daAuts
     D:1: 1147 daAuts
     D:3: 1145 daAuts
